[Event "ICC tourney 2217 (45 10)"]
[Site "Internet Chess Club"]
[Date "2020.12.19"]
[Round "1"]
[White "RishiMurali"]
[Black "adma2028"]
[Result "1-0"]
[ICCResult "Black checkmated"]
[WhiteElo "1664"]
[BlackElo "1420"]
[Opening "Queen's gambit declined"]
[ECO "D30"]
[NIC "QP.08"]
[Time "10:03:22"]
[PlyCount "103"]
[TimeControl "2700+10"]

1. d4 d5 2. c4 e6 3. e3 Nf6 4. Nc3 Bb4 5. a3 Be7 6. cxd5 exd5 7. Nf3 c6 8.
Bd3 Nbd7 9. O-O Nf8 10. Re1 Ng6 11. e4 dxe4 12. Nxe4 Nxe4 13. Bxe4 Bg4 14.
h3 Be6 15. b4 O-O 16. Bxg6 hxg6 17. Bf4 Bf6 18. Be5 Bxe5 19. Nxe5 Bd5 20.
Nf3 Bxf3 21. Qxf3 Qxd4 22. Rad1 Qf6 23. Qxf6 gxf6 24. Rd7 a5 25. Rxb7 axb4
26. axb4 Rab8 27. Ree7 Rxb7 28. Rxb7 Rc8 29. Kf1 f5 30. Ke2 Kg7 31. Kd3
Rd8+ 32. Kc4 Rd2 33. Kc5 Rxf2 34. Kxc6 Rxg2 35. b5 f4 36. b6 Rb2 37. Ra7 f3
38. Ra1 Rc2+ 39. Kb7 Kf6 40. Ka7 f2 41. b7 Ra2+ 42. Rxa2 f1=Q 43. b8=Q Qxh3
44. Rf2+ Ke7 45. Qc7+ Ke6 46. Qxf7+ Kd6 47. Rd2+ Kc6 48. Qxg6+ Kc5 49. Qd6+
Kb5 50. Rd5+ Ka4 51. Rd4+ Kb5 52. Qd5# { Black checkmated } 1-0

[Event "ICC tourney 2217 (45 10)"]
[Site "Internet Chess Club"]
[Date "2020.12.19"]
[Round "1"]
[White "stephenwilly"]
[Black "aChessRookie"]
[Result "1-0"]
[ICCResult "Black checkmated"]
[WhiteElo "1496"]
[BlackElo "1202"]
[Opening "Giuoco Pianissimo: Italian four knights variation"]
[ECO "C50"]
[NIC "IG.02"]
[Time "10:03:28"]
[PlyCount "41"]
[TimeControl "2700+10"]

1. e4 e5 2. Nf3 Nc6 3. Bc4 Bc5 4. Nc3 Nf6 5. d3 O-O 6. O-O h6 7. h3 Na5 8.
Nxe5 Nxc4 9. Nxc4 d5 10. exd5 Nxd5 11. Bd2 Re8 12. Qh5 c6 13. Ne3 Bxe3 14.
fxe3 Be6 15. e4 Nxc3 16. Bxc3 Qb6+ 17. Kh1 Rac8 18. Rf3 c5 19. Rg3 Bd7 20.
Rxg7+ Kf8 21. Qxf7# { Black checkmated } 1-0

[Event "ICC tourney 2217 (45 10)"]
[Site "Internet Chess Club"]
[Date "2020.12.19"]
[Round "1"]
[White "handsomematch"]
[Black "cohaji"]
[Result "1-0"]
[ICCResult "Black resigns"]
[WhiteElo "1226"]
[BlackElo "1500"]
[Opening "Scandinavian (center counter) defense"]
[ECO "B01"]
[NIC "SD.01"]
[Time "10:03:33"]
[PlyCount "65"]
[TimeControl "2700+10"]

1. e4 d5 2. exd5 Qxd5 3. Nc3 Qa5 4. Nf3 Bg4 5. h3 Bh5 6. Bc4 e6 7. O-O h6
8. d3 c6 9. Re1 Bd6 10. Bd2 Qc7 11. Ne4 Be7 12. Bc3 Nd7 13. Bxg7 Rh7 14.
Bc3 Ngf6 15. Ng3 Bxf3 16. Qxf3 O-O-O 17. Ne4 Nxe4 18. Qxe4 f5 19. Qe2 Nf8
20. Bxe6+ Kb8 21. Bxf5 Rf7 22. Be5 Bd6 23. Bxd6 Rxd6 24. Be4 Rdf6 25. Bf3
Ne6 26. Rf1 a6 27. Rae1 Nd4 28. Qe8+ Ka7 29. Qe3 b6 30. Qxd4 Rxf3 31. gxf3
Rg7+ 32. Kh1 Qc8 33. Qxg7+ { Black resigns } 1-0

[Event "ICC tourney 2217 (45 10)"]
[Site "Internet Chess Club"]
[Date "2020.12.19"]
[Round "1"]
[White "JudeNYC"]
[Black "dangdang2000"]
[Result "0-1"]
[ICCResult "White checkmated"]
[WhiteElo "1581"]
[BlackElo "1326"]
[Opening "Vienna gambit"]
[ECO "C29"]
[NIC "VG.04"]
[Time "10:04:19"]
[PlyCount "102"]
[TimeControl "2700+10"]

1. e4 e5 2. Nc3 Nf6 3. f4 d6 4. Nf3 Nc6 5. Bb5 Bd7 6. d3 g6 7. O-O Bg7 8.
Bxc6 Bxc6 9. fxe5 dxe5 10. Nxe5 Qd4+ 11. Rf2 Qxe5 12. Bf4 Qe7 13. d4 O-O
14. Bg5 h6 15. Bh4 g5 16. Bg3 Nxe4 17. Re2 Nxc3 18. Rxe7 Nxd1 19. Rxd1 Rad8
20. c3 Rd7 21. Rxd7 Bxd7 22. Bxc7 Re8 23. Kf2 Bg4 24. Rd2 h5 25. d5 Re4 26.
d6 Rf4+ 27. Ke3 Be5 28. Bd8 Bd7 29. Rd5 f6 30. g3 Rf1 31. Ke2 Rh1 32. h4
Rh2+ 33. Ke3 Rh3 34. Kf2 Bxg3+ 35. Kg2 Bxh4 36. Bxf6 Rg3+ 37. Kh2 Kf7 38.
Be7 Rg4 39. Rc5 Bg3+ 40. Kh1 Bc6+ 41. Kg1 Bxd6+ 42. Kf2 Bxc5+ 43. Bxc5 b6
44. Bd4 h4 45. Ke3 h3 46. Kf2 h2 47. Ke3 h1=Q 48. Kd3 Qe4+ 49. Kc4 Qe2+ 50.
Kb4 Qb5+ 51. Ka3 Qa4# { White checkmated } 0-1

[Event "ICC tourney 2217 (45 10)"]
[Site "Internet Chess Club"]
[Date "2020.12.19"]
[Round "1"]
[White "ElijahL2020"]
[Black "wildrumpus"]
[Result "0-1"]
[ICCResult "White resigns"]
[WhiteElo "1311"]
[BlackElo "1535"]
[Opening "Caro-Kann: Bronstein-Larsen variation"]
[ECO "B16"]
[NIC "CK.07"]
[Time "10:03:53"]
[PlyCount "64"]
[TimeControl "2700+10"]

1. e4 c6 2. d4 d5 3. Nc3 dxe4 4. Nxe4 Nf6 5. Nxf6+ gxf6 6. Nf3 Bg4 7. c3
Qc7 8. Be3 Nd7 9. Be2 O-O-O 10. Qc2 e6 11. O-O-O Bd6 12. h3 Bh5 13. g4 Bg6
14. Bd3 Kb8 15. h4 Nb6 16. h5 Bxd3 17. Rxd3 h6 18. c4 Bf4 19. Kb1 Rdg8 20.
Rg1 Rg7 21. Nd2 Rhg8 22. f3 f5 23. Qd1 Bxe3 24. Rxe3 Qf4 25. Rd3 fxg4 26.
fxg4 Rxg4 27. Rxg4 Qxg4 28. Qxg4 Rxg4 29. c5 Nd5 30. Rf3 Rxd4 31. Nb3 Rf4
32. Rg3 Ne7 { White resigns } 0-1

[Event "ICC tourney 2217 (45 10)"]
[Site "Internet Chess Club"]
[Date "2020.12.19"]
[Round "1"]
[White "AdrielBarretto"]
[Black "Abror"]
[Result "0-1"]
[ICCResult "White checkmated"]
[WhiteElo "1419"]
[BlackElo "1635"]
[Opening "Sicilian defense"]
[ECO "B30"]
[NIC "SI.31"]
[Time "10:03:31"]
[PlyCount "78"]
[TimeControl "2700+10"]

1. e4 c5 2. Nf3 Nc6 3. Bc4 e6 4. d4 d5 5. exd5 exd5 6. Be2 Nf6 7. O-O Bd6
8. Bg5 c4 9. Nc3 Be6 10. b3 Bb4 11. Nb1 b5 12. c3 Be7 13. a4 a6 14. b4 O-O
15. Nbd2 h6 16. Bh4 Bf5 17. Bg3 Ne4 18. Nxe4 Bxe4 19. Ne5 Nxe5 20. Bxe5 Bd6
21. Bxd6 Qxd6 22. Bf3 Bd3 23. Be2 Bxe2 24. Qxe2 Rae8 25. Qd2 Re6 26. axb5
axb5 27. Ra5 Qc6 28. Rfa1 Rfe8 29. h3 Re2 30. Qf4 R2e4 31. Qg3 h5 32. Ra7
Qf6 33. R7a2 Qf5 34. Ra5 h4 35. Qd6 Re1+ 36. Rxe1 Rxe1+ 37. Kh2 Qxf2 38.
Ra8+ Kh7 39. Qxd5 Qg1# { White checkmated } 0-1

[Event "ICC tourney 2217 (45 10)"]
[Site "Internet Chess Club"]
[Date "2020.12.19"]
[Round "1"]
[White "Checkm8ter"]
[Black "narayan0811"]
[Result "0-1"]
[ICCResult "White resigns"]
[WhiteElo "1630"]
[BlackElo "1356"]
[Opening "French: Swiss variation"]
[ECO "C11"]
[NIC "FR.04"]
[Time "10:03:28"]
[PlyCount "42"]
[TimeControl "2700+10"]

1. d4 e6 2. e4 d5 3. Nc3 Nf6 4. Bd3 Nc6 5. Nf3 Bb4 6. e5 Nd7 7. O-O Nb6 8.
Ng5 h6 9. Qh5 Qe7 10. Nh7 Bxc3 11. bxc3 Bd7 12. Ng5 O-O-O 13. Nh3 f6 14. a4
fxe5 15. dxe5 Qc5 16. Bd2 Na5 17. Qg4 Nac4 18. Bxc4 Nxc4 19. Qd4 Qxd4 20.
cxd4 Nxd2 21. a5 Nxf1 { White resigns } 0-1

[Event "ICC tourney 2217 (45 10)"]
[Site "Internet Chess Club"]
[Date "2020.12.19"]
[Round "1"]
[White "hello12"]
[Black "EricCheng-131"]
[Result "1-0"]
[ICCResult "Black checkmated"]
[WhiteElo "1475"]
[BlackElo "914"]
[Opening "Scotch: Schmidt variation"]
[ECO "C45"]
[NIC "SO.04"]
[Time "10:03:29"]
[PlyCount "111"]
[TimeControl "2700+10"]

1. e4 e5 2. Nf3 Nc6 3. d4 exd4 4. Nxd4 Nf6 5. Nc3 Bc5 6. Nb3 Bb6 7. Qe2 O-O
8. Be3 Re8 9. f3 d5 10. O-O-O Be6 11. g4 Bxe3+ 12. Qxe3 h6 13. h4 Qe7 14.
exd5 Bxd5 15. Qxe7 Nxe7 16. Nxd5 Nfxd5 17. Bd3 Nf4 18. Be4 c6 19. Rd7 Ne2+
20. Kb1 Ng3 21. Rhd1 Nxe4 22. fxe4 Ng6 23. h5 Nf4 24. Re1 Re6 25. Rxb7 Rae8
26. Rb4 Nd5 27. Rd4 Nf6 28. Nc5 Re5 29. Nd3 Rxe4 30. Rdxe4 Rxe4 31. Rxe4
Nxe4 32. Ne5 c5 33. Nc6 Nf2 34. Nxa7 Nxg4 35. Nc6 Kf8 36. a4 f5 37. a5 Nf6
38. Ne5 Ke7 39. a6 Ne8 40. a7 Nc7 41. Nc4 Na8 42. Kc1 Kf6 43. c3 Kg5 44. b4
Kxh5 45. b5 f4 46. Kd1 Kg4 47. Ke1 h5 48. b6 h4 49. b7 h3 50. bxa8=Q f3 51.
Qe4+ Kg3 52. Qg6+ Kh4 53. Qg1 g5 54. Ne5 f2+ 55. Kxf2 c4 56. Qg4# { Black
checkmated } 1-0

[Event "ICC tourney 2217 (45 10)"]
[Site "Internet Chess Club"]
[Date "2020.12.19"]
[Round "1"]
[White "Mannansh"]
[Black "isaaclharris"]
[Result "1-0"]
[ICCResult "Black checkmated"]
[WhiteElo "1257"]
[BlackElo "1511"]
[Opening "French: Chigorin variation"]
[ECO "C00"]
[NIC "FR.01"]
[Time "10:03:23"]
[PlyCount "49"]
[TimeControl "2700+10"]

1. e4 e6 2. Qe2 Nc6 3. Nf3 Be7 4. d4 d5 5. exd5 exd5 6. Nc3 Bg4 7. Be3 Nf6
8. h3 Bh5 9. g4 Bg6 10. Ne5 O-O 11. f4 Be4 12. Bg2 Nb4 13. Bxe4 Nxe4 14.
Nxe4 dxe4 15. c3 Bh4+ 16. Kd2 Nc6 17. Nxc6 bxc6 18. g5 f6 19. Qg4 fxg5 20.
fxg5 Bf2 21. Raf1 Bxe3+ 22. Kxe3 Qd5 23. Rxf8+ Rxf8 24. Qxe4 Re8 25. Qxe8#
{ Black checkmated } 1-0

[Event "ICC tourney 2217 (45 10)"]
[Site "Internet Chess Club"]
[Date "2020.12.19"]
[Round "1"]
[White "edenhe"]
[Black "bsarvagnya"]
[Result "1-0"]
[ICCResult "Black forfeits on time"]
[WhiteElo "1518"]
[BlackElo "1276"]
[Opening "Giuoco Piano"]
[ECO "C54"]
[NIC "IG.02"]
[Time "10:03:58"]
[PlyCount "75"]
[TimeControl "2700+10"]

1. e4 e5 2. Nf3 Nc6 3. Bc4 Bc5 4. c3 Nf6 5. d4 exd4 6. cxd4 Bb4+ 7. Bd2
Bxd2+ 8. Nbxd2 d5 9. exd5 Nxd5 10. O-O O-O 11. Nb3 Nf6 12. h3 Bf5 13. Qd2
Re8 14. Rfe1 Qd7 15. Nc5 Qc8 16. Ng5 Bg6 17. d5 Ne5 18. Bb3 b6 19. Nce4
Nxe4 20. Nxe4 Qf5 21. Ng3 Qf6 22. Re3 Rad8 23. Qc3 Re7 24. Rd1 Qd6 25. f4
Nd3 26. Rxe7 Qxe7 27. f5 Qe3+ 28. Kh2 Bxf5 29. Nxf5 Qf4+ 30. Ng3 Nc5 31.
Bc2 Re8 32. Rd4 Qd6 33. b4 Nd7 34. Qd3 Nf6 35. a3 Qd7 36. Nf5 Re1 37. Qg3
Nh5 38. Qxe1 { Black forfeits on time } 1-0

[Event "ICC tourney 2217 (45 10)"]
[Site "Internet Chess Club"]
[Date "2020.12.19"]
[Round "1"]
[White "Eagle2020"]
[Black "Jeffchess"]
[Result "1-0"]
[ICCResult "Black checkmated"]
[WhiteElo "1505"]
[BlackElo "1254"]
[Opening "French defense"]
[ECO "C01"]
[NIC "FR.01"]
[Time "10:03:23"]
[PlyCount "113"]
[TimeControl "2700+10"]

1. e4 e6 2. d4 c5 3. c3 d5 4. exd5 exd5 5. Nf3 c4 6. g3 b5 7. Bg2 h6 8. O-O
Nf6 9. Be3 a5 10. b3 a4 11. bxc4 bxc4 12. Nbd2 Ba3 13. Qb1 Qa5 14. Ne5 Qxc3
15. Qb5+ Nbd7 16. Bxd5 Nxd5 17. Qxd5 Nxe5 18. Qxa8 O-O 19. dxe5 Bh3 20. Qd5
Be6 21. Qf3 Qxe5 22. Bf4 Qc5 23. Ne4 Bd5 24. Nxc5 Bxf3 25. Nxa4 Be2 26.
Rfe1 Bd3 27. Re3 Ra8 28. Nb6 Ra6 29. Re8+ Kh7 30. Nd5 Bb2 31. Rae1 Ra5 32.
Nb4 Bf5 33. R1e7 Rb5 34. Rb8 Ra5 35. Rxf7 Bg6 36. Rff8 Be4 37. h4 g5 38.
hxg5 hxg5 39. Be3 g4 40. Nc6 Bxc6 41. Rxb2 Bf3 42. Rbb8 Rxa2 43. Rxf3 gxf3
44. Rc8 Rc2 45. Kh2 c3 46. Kh3 Kg6 47. Kg4 Kf7 48. Kxf3 Ke6 49. g4 Kf7 50.
g5 Kg6 51. Kg4 Kf7 52. Kf5 Kg7 53. Rc7+ Kf8 54. g6 Kg8 55. Kf6 Rxf2+ 56.
Bxf2 c2 57. Rc8# { Black checkmated } 1-0

[Event "ICC tourney 2217 (45 10)"]
[Site "Internet Chess Club"]
[Date "2020.12.19"]
[Round "1"]
[White "smartgoldfish"]
[Black "UltimateDL"]
[Result "0-1"]
[ICCResult "White forfeits on time"]
[WhiteElo "1181"]
[BlackElo "1480"]
[Opening "Sicilian: Alapin's variation (2.c3)"]
[ECO "B22"]
[NIC "SI.46"]
[Time "10:03:25"]
[PlyCount "106"]
[TimeControl "2700+10"]

1. e4 c5 2. c3 d5 3. exd5 Qxd5 4. d4 Bf5 5. Nf3 Nc6 6. Be3 cxd4 7. cxd4 e6
8. Nc3 Bb4 9. a3 Bxc3+ 10. bxc3 Nf6 11. Be2 O-O 12. O-O Qd6 13. Re1 Rac8
14. Bd3 Bxd3 15. Qxd3 Na5 16. Ne5 Qc7 17. Bf4 Nd5 18. Bd2 Nb3 19. c4 Nxa1
20. cxd5 Nc2 21. Rc1 exd5 22. Bf4 Qc3 23. Qf5 Nxd4 24. Rxc3 Nxf5 25. Rb3 f6
26. Nd3 Nd4 27. Rb2 Rfe8 28. Kf1 Rc3 29. Nb4 Rxa3 30. Rb1 Re4 31. Bc1 Rb3
32. Rb2 Rxb2 33. Bxb2 Nb3 34. Nd3 Nd2+ 35. Kg1 Nc4 36. f3 Nxb2 37. Nxb2 Re2
38. Nd3 a5 39. Kf1 Rd2 40. Nc5 b6 41. Na4 b5 42. Ke1 Rxg2 43. Nc3 b4 44.
Nxd5 b3 45. Nc3 b2 46. Kd1 a4 47. Nb1 Rg1+ 48. Kc2 Rxb1 49. Kxb1 a3 50. h4
Kf7 51. f4 Ke6 52. f5+ Kd5 53. h5 Kc4 { White forfeits on time } 0-1

[Event "ICC tourney 2217 (45 10)"]
[Site "Internet Chess Club"]
[Date "2020.12.19"]
[Round "1"]
[White "phosur"]
[Black "trucker"]
[Result "0-1"]
[ICCResult "White checkmated"]
[WhiteElo "1347"]
[BlackElo "1610"]
[Opening "Giuoco Piano"]
[ECO "C53"]
[NIC "IG.02"]
[Time "10:03:29"]
[PlyCount "108"]
[TimeControl "2700+10"]

1. e4 e5 2. Nf3 Nc6 3. Bc4 Bc5 4. c3 d6 5. d3 Nf6 6. O-O a6 7. a4 O-O 8. h3
Qe7 9. Bg5 h6 10. Be3 Ba7 11. Re1 Nb8 12. Nbd2 Re8 13. d4 Nbd7 14. d5 Nf8
15. Nf1 Bxe3 16. Rxe3 Ng6 17. Ng3 Nf4 18. Nf5 Qd8 19. Bd3 N6xd5 20. exd5
Nxd5 21. Re1 Qf6 22. Qc2 Nf4 23. Ng3 g6 24. Ne4 Nxh3+ 25. gxh3 Qxf3 26. Bf1
d5 27. Ng3 c6 28. Rad1 h5 29. Bg2 Qf6 30. Rd3 h4 31. Rf3 Qg5 32. Nf1 Bf5
33. Qe2 Be4 34. Kh1 Re6 35. Ne3 f5 36. Rg1 Kh7 37. Ng4 Bxf3 38. Bxf3 e4 39.
Ne5 exf3 40. Qxf3 Qe7 41. Qg2 Rg8 42. Nf3 Re2 43. Ng5+ Kh6 44. Qf3 Re8 45.
Qf4 Kg7 46. Nf3 Qe4 47. Qg5 Qxf3+ 48. Kh2 Rxf2+ 49. Rg2 Rxg2+ 50. Qxg2 Qf4+
51. Kh1 Re1+ 52. Qg1 Qf3+ 53. Kh2 Re2+ 54. Qg2 Qxg2# { White checkmated }
0-1

[Event "ICC tourney 2217 (45 10)"]
[Site "Internet Chess Club"]
[Date "2020.12.19"]
[Round "2"]
[White "adma2028"]
[Black "smartgoldfish"]
[Result "0-1"]
[ICCResult "White checkmated"]
[WhiteElo "1420"]
[BlackElo "1181"]
[Opening "Queen's pawn, Mason variation"]
[ECO "D00"]
[NIC "QP.08"]
[Time "12:32:14"]
[PlyCount "104"]
[TimeControl "2700+10"]

1. d4 d5 2. Bf4 Bf5 3. Nf3 Nf6 4. e3 e6 5. Bd3 Ne4 6. Nh4 Qxh4 7. g3 Qd8 8.
f3 Nd6 9. Bxd6 Bxd6 10. Bxf5 exf5 11. c3 O-O 12. Qc2 Qg5 13. f4 Qe7 14.
Qxf5 Qxe3+ 15. Kf1 Qf3+ 16. Kg1 Re8 17. Na3 Bxa3 18. bxa3 Qxc3 19. Kg2 Qb2+
20. Kh3 Re6 21. Rae1 Rh6+ 22. Kg4 Nc6 23. Qd7 Rf8 24. Re8 f5+ 25. Kf3 Qxa3+
26. Re3 Nxd4+ 27. Kf2 Qxa2+ 28. Kf1 Qb1+ 29. Kg2 Qc2+ 30. Kf1 Qd1+ 31. Re1
Qf3+ 32. Kg1 Ne2+ 33. Rxe2 Qxe2 34. Qxd5+ Kh8 35. Qc5 Rd8 36. Qf2 Rd1+ 37.
Kg2 Qxf2+ 38. Kxf2 Rxh1 39. Kg2 R6xh2+ 40. Kf3 Ra2 41. g4 fxg4+ 42. Kxg4
Rg2+ 43. Kf5 Rh5+ 44. Ke6 a5 45. f5 a4 46. f6 a3 47. f7 Rf2 48. Ke7 Rxf7+
49. Kxf7 a2 50. Kf8 a1=Q 51. Ke8 Re5+ 52. Kf7 Qf1# { White checkmated } 0-1

[Event "ICC tourney 2217 (45 10)"]
[Site "Internet Chess Club"]
[Date "2020.12.19"]
[Round "2"]
[White "Abror"]
[Black "hello12"]
[Result "1-0"]
[ICCResult "Black checkmated"]
[WhiteElo "1635"]
[BlackElo "1475"]
[Opening "Sicilian: Anderssen variation"]
[ECO "B41"]
[NIC "SI.41"]
[Time "12:32:14"]
[PlyCount "49"]
[TimeControl "2700+10"]

1. e4 c5 2. Nf3 e6 3. d4 cxd4 4. Nxd4 Nf6 5. Nc3 Nc6 6. Nxc6 bxc6 7. e5 Nd5
8. Nxd5 cxd5 9. Bd3 d6 10. exd6 Bxd6 11. O-O O-O 12. Qh5 h6 13. f4 Qf6 14.
c3 Rb8 15. Rf3 d4 16. c4 Bb7 17. Rg3 Bxf4 18. Bxf4 Qxf4 19. Rf1 Qd2 20. Qe5
f6 21. Qxe6+ Kh8 22. Qf5 Kg8 23. Rxg7+ Kxg7 24. Qg6+ Kh8 25. Qh7# { Black
checkmated } 1-0

[Event "ICC tourney 2217 (45 10)"]
[Site "Internet Chess Club"]
[Date "2020.12.19"]
[Round "2"]
[White "Elias1302"]
[Black "handsomematch"]
[Result "1-0"]
[ICCResult "Black checkmated"]
[WhiteElo "1609"]
[BlackElo "1226"]
[Opening "Giuoco Piano"]
[ECO "C50"]
[NIC "IG.02"]
[Time "12:32:27"]
[PlyCount "73"]
[TimeControl "2700+10"]

1. e4 e5 2. Nf3 Nc6 3. Bc4 Bc5 4. O-O Nf6 5. d3 h6 6. c3 d6 7. h3 O-O 8.
Re1 Na5 9. Bb3 Nxb3 10. axb3 Be6 11. Nbd2 Qd7 12. d4 exd4 13. cxd4 Bb6 14.
e5 Nd5 15. Ne4 Rad8 16. b4 Nxb4 17. Bxh6 dxe5 18. Bd2 Nd3 19. Re3 Nxb2 20.
Qc2 Nc4 21. Rc3 exd4 22. Rd3 Nxd2 23. Qxd2 Bf5 24. Re1 Rfe8 25. Qf4 Bxe4
26. Rxe4 Rxe4 27. Qxe4 Qd5 28. Qh4 c5 29. Ng5 Qf5 30. Rf3 Qb1+ 31. Kh2 Bc7+
32. g3 Rd7 33. Qg4 Qb5 34. Qe4 Rd8 35. Qh7+ Kf8 36. Rxf7+ Ke8 37. Qg8# {
Black checkmated } 1-0

[Event "ICC tourney 2217 (45 10)"]
[Site "Internet Chess Club"]
[Date "2020.12.19"]
[Round "2"]
[White "cohaji"]
[Black "ElijahL2020"]
[Result "1-0"]
[ICCResult "Black resigns"]
[WhiteElo "1500"]
[BlackElo "1311"]
[Opening "King's gambit"]
[ECO "C30"]
[NIC "KG.05"]
[Time "12:32:13"]
[PlyCount "83"]
[TimeControl "2700+10"]

1. e4 e5 2. f4 d6 3. Nf3 Nc6 4. Bc4 Bg4 5. O-O Nf6 6. d3 Be7 7. Nc3 Nd4 8.
h3 Nxf3+ 9. gxf3 Bxh3 10. Rf2 Bd7 11. f5 c6 12. Bg5 Qc7 13. a4 Ng4 14. Rg2
Bxg5 15. Rxg4 Bf6 16. b4 h5 17. Rg2 Qb6+ 18. Kf1 h4 19. a5 Qe3 20. b5 c5
21. Nd5 Rc8 22. Nxe3 h3 23. Rh2 Bg5 24. Ng4 Bf4 25. Rh1 Ke7 26. Kf2 g5 27.
f6+ Kf8 28. Qf1 Bxg4 29. fxg4 h2 30. Qg2 Ke8 31. c3 Rh4 32. Bd5 Rh6 33.
Bxb7 Rb8 34. Bc6+ Kd8 35. c4 Rxf6 36. Ke2 Rh6 37. Ra2 Ke7 38. a6 Rbh8 39.
b6 Rh3 40. Ra3 Rg3 41. Qxg3 Bxg3 42. bxa7 { Black resigns } 1-0

[Event "ICC tourney 2217 (45 10)"]
[Site "Internet Chess Club"]
[Date "2020.12.19"]
[Round "2"]
[White "bsarvagnya"]
[Black "Checkm8ter"]
[Result "0-1"]
[ICCResult "White checkmated"]
[WhiteElo "1276"]
[BlackElo "1630"]
[Opening "Giuoco Pianissimo: Italian four knights variation"]
[ECO "C55"]
[NIC "IG.01"]
[Time "12:33:06"]
[PlyCount "140"]
[TimeControl "2700+10"]

1. e4 e5 2. Nf3 Nc6 3. Bc4 Nf6 4. Nc3 Bc5 5. d3 h6 6. Be3 Bxe3 7. fxe3 d6
8. h3 O-O 9. O-O Na5 10. Bd5 c6 11. Bb3 Qb6 12. Qe2 Nxb3 13. axb3 Be6 14.
Rae1 Qc7 15. Nh4 d5 16. Nf5 Qd7 17. Qf3 dxe4 18. dxe4 Bxf5 19. exf5 Qe7 20.
e4 Nh7 21. Qg3 Qg5 22. Rf3 Qxg3 23. Rxg3 f6 24. h4 Kf7 25. Rd1 Rad8 26.
Rdd3 Rg8 27. Ne2 Rxd3 28. Rxd3 Ke7 29. g4 Nf8 30. h5 Nh7 31. Nc3 Ng5 32.
Kf2 Rd8 33. Rxd8 Kxd8 34. Na4 Nxe4+ 35. Ke3 Nd6 36. Nc5 Ke7 37. Ne6 Ne8 38.
Ke4 Kd6 39. b4 b5 40. b3 Nc7 41. Nxg7 Ke7 42. Ne6 Nxe6 43. fxe6 Kxe6 44. c3
a6 45. c4 bxc4 46. bxc4 c5 47. b5 a5 48. Kd3 a4 49. Kc3 e4 50. b6 Kd6 51.
b7 Kc7 52. b8=Q+ Kxb8 53. Kd2 Kc7 54. Kc3 Kd6 55. Kc2 Ke5 56. Kc3 a3 57.
Kb3 Kd4 58. Kxa3 Kd3 59. Ka4 e3 60. Kb5 Kd4 61. Kc6 e2 62. Kd6 e1=Q 63. Kc6
Kxc4 64. Kc7 Qg3+ 65. Kc6 Qxg4 66. Kc7 Kd5 67. Kb7 c4 68. Ka8 Qd7 69. Kb8
Kc6 70. Ka8 Qb7# { White checkmated } 0-1

[Event "ICC tourney 2217 (45 10)"]
[Site "Internet Chess Club"]
[Date "2020.12.19"]
[Round "2"]
[White "Jeffchess"]
[Black "JudeNYC"]
[Result "0-1"]
[ICCResult "White checkmated"]
[WhiteElo "1254"]
[BlackElo "1581"]
[Opening "Caro-Kann: advance variation"]
[ECO "B12"]
[NIC "CK.02"]
[Time "12:32:12"]
[PlyCount "148"]
[TimeControl "2700+10"]

1. e4 c6 2. d4 d5 3. e5 c5 4. Nf3 Nc6 5. Bb5 Bg4 6. h3 Bxf3 7. Bxc6+ bxc6
8. Qxf3 e6 9. Be3 Qb6 10. b3 cxd4 11. Bg5 Be7 12. h4 Bxg5 13. hxg5 Ne7 14.
Nd2 Ng6 15. Qg3 Qb4 16. O-O-O Qc3 17. Qxc3 dxc3 18. Nf3 Nf4 19. g3 Ng6 20.
Rd3 a5 21. Rxc3 a4 22. Rxc6 axb3 23. cxb3 Rxa2 24. Rh2 Kd7 25. Rd6+ Ke7 26.
Kb1 Re2 27. Rb6 Nxe5 28. Nxe5 Rxe5 29. Rb7+ Kd6 30. g6 fxg6 31. Rxg7 Rh5
32. Rxh5 gxh5 33. Rg5 Rf8 34. f4 h4 35. gxh4 Rxf4 36. Rh5 Rf7 37. Kc2 Re7
38. b4 Kc6 39. Kb3 Kb5 40. Re5 Kc6 41. h5 Kd6 42. Rg5 e5 43. Kc3 Re6 44.
Rg7 h6 45. Rg6 e4 46. Kd2 d4 47. b5 e3+ 48. Ke2 Kd5 49. b6 Re7 50. Rxh6 d3+
51. Kxd3 e2 52. b7 e1=Q 53. Rd6+ Kxd6 54. b8=Q+ Ke6 55. Qb6+ Kf5 56. Qg6+
Kf4 57. Qh6+ Kf3 58. Qf6+ Kg2 59. Qg5+ Qg3+ 60. Qxg3+ Kxg3 61. Kd4 Rh7 62.
Ke4 Rxh5 63. Ke3 Rf5 64. Ke4 Kg4 65. Ke3 Rf4 66. Ke2 Rf3 67. Ke1 Kf4 68.
Ke2 Ke4 69. Kd2 Re3 70. Kd1 Kd3 71. Kc1 Re2 72. Kb1 Kc3 73. Ka1 Kb3 74. Kb1
Re1# { White checkmated } 0-1

[Event "ICC tourney 2217 (45 10)"]
[Site "Internet Chess Club"]
[Date "2020.12.19"]
[Round "2"]
[White "theSwishyj"]
[Black "stephenwilly"]
[Result "0-1"]
[ICCResult "White checkmated"]
[WhiteElo "838"]
[BlackElo "1496"]
[Opening "Ponziani: Jaenisch counter-attack"]
[ECO "C44"]
[NIC "KP.05"]
[Time "12:32:13"]
[PlyCount "78"]
[TimeControl "2700+10"]

1. e4 e5 2. Nf3 Nc6 3. c3 Nf6 4. d3 d5 5. Nbd2 Bc5 6. Be2 O-O 7. b4 Bb6 8.
a4 a6 9. Bb2 Be6 10. b5 Ne7 11. Nxe5 Ng6 12. Nxg6 fxg6 13. e5 Bxf2+ 14.
Kxf2 Ne4+ 15. Ke1 Nf2 16. Qc2 Nxh1 17. Nf3 g5 18. Bc1 g4 19. Ng5 Qe7 20. d4
Bf5 21. Qb3 c6 22. bxc6 bxc6 23. c4 h6 24. cxd5 hxg5 25. Ba3 Qf7 26. Bxf8
Rxf8 27. Bc4 Qh5 28. dxc6+ Kh8 29. Kd2 Qxh2 30. Bd5 Be6 31. Kc3 Qg3+ 32.
Kb2 Qf2+ 33. Ka3 Ng3 34. Bxe6 Qxd4 35. Qxg3 Qxa1+ 36. Ba2 Qc1+ 37. Kb4 Rb8+
38. Ka5 Qc5+ 39. Kxa6 Qb6# { White checkmated } 0-1

[Event "ICC tourney 2217 (45 10)"]
[Site "Internet Chess Club"]
[Date "2020.12.19"]
[Round "2"]
[White "UltimateDL"]
[Black "RishiMurali"]
[Result "1-0"]
[ICCResult "Black checkmated"]
[WhiteElo "1480"]
[BlackElo "1664"]
[Opening "Sicilian defense"]
[ECO "B44"]
[NIC "SI.39"]
[Time "12:33:06"]
[PlyCount "67"]
[TimeControl "2700+10"]

1. e4 c5 2. Nf3 e6 3. d4 cxd4 4. Nxd4 Nc6 5. c4 Nf6 6. f3 Nxd4 7. Qxd4 b6
8. Nc3 Bc5 9. Qd1 Nh5 10. Na4 Qh4+ 11. Ke2 Ng3+ 12. hxg3 Qxh1 13. Nxc5 bxc5
14. Qd6 Qh5 15. Be3 f6 16. Bxc5 Qf7 17. Rd1 Bb7 18. b4 e5 19. Kf2 Qe6 20.
Qd2 a6 21. Qc2 Bc6 22. a4 Kf7 23. b5 Bb7 24. Rd6 Qe8 25. Qd1 Qc8 26. Rxd7+
Kg6 27. Bb6 Rb8 28. Qd6 Qf8 29. Qe6 h5 30. Qf5+ Kh6 31. Be3+ g5 32. Bxg5+
fxg5 33. Qe6+ Qf6 34. Qxf6# { Black checkmated } 1-0

[Event "ICC tourney 2217 (45 10)"]
[Site "Internet Chess Club"]
[Date "2020.12.19"]
[Round "2"]
[White "dangdang2000"]
[Black "Eagle2020"]
[Result "0-1"]
[ICCResult "White checkmated"]
[WhiteElo "1326"]
[BlackElo "1505"]
[Opening "French: advance, Euwe variation"]
[ECO "C02"]
[NIC "FR.03"]
[Time "12:32:13"]
[PlyCount "70"]
[TimeControl "2700+10"]

1. e4 e6 2. d4 d5 3. e5 c5 4. c3 Nc6 5. Nf3 Bd7 6. a3 a5 7. Bd3 Qb6 8. Bc2
cxd4 9. cxd4 Nge7 10. Nc3 Ng6 11. O-O Be7 12. Re1 Nh4 13. Nxh4 Bxh4 14. Ne2
Nxe5 15. Nf4 Ng6 16. Nxd5 Qd6 17. Nc3 O-O 18. Ne4 Qc7 19. Nc5 Bc6 20. Be4
Bxe4 21. Rxe4 Rad8 22. Qh5 Rd5 23. Qf3 Rf5 24. Nxe6 fxe6 25. Qb3 Bxf2+ 26.
Kh1 Kh8 27. Qxe6 Bxd4 28. Bf4 Rxf4 29. Rxf4 Qxf4 30. h3 Be5 31. g3 Qxg3 32.
Qxe5 Qxe5 33. Rg1 Rf2 34. Rg2 Qe4 35. Kh2 Qxg2# { White checkmated } 0-1